cohdb
Replays
Latest Replays
All Replays
Popular Replays
Top Player Replays
Match Explorer
How It Works
Community
CoH3 Stats
Reddit
Sign in to upload your games and track your stats! →
Sign in with Steam
Match 44422091
Unlisted
Match 44422091
Overview
Messages
Build Orders
End
Construct Infanterie Kompanie
MG 42 Machine Gun Team
Selects Luftwaffe Battlegroup
GrW 34 Mortar Team
Grenadier Squad
Medical Station
Selects Luftwaffe Pioneer Support
Fallschirmpioneer Squad Paradrop
Construct Luftwaffe Kompanie
MG 42 Machine Gun Team
Selects Stuka Strafing Run
Selects Fallschirmjäger Squad Paradrop
221 Scout Car
Construct Panzergrenadier Kompanie
Panzergrenadier Squad
Jäger Squad
Stuka Strafing Run
Support Elements
Selects Flak 38 Anti-Air Emplacement
Nebelwerfer 42 Rocket Launcher Team
Side Skirts
Construct Panzer Kompanie
Stuka Strafing Run
Selects Stuka Loiter
HalfezITA
Norrek
Hitman
Verdun
Serial Chiller
=B52F=|THACRUSHA
=B52F= |CB
=B52F=|Mòzªmßiquë{General}
0
0
Comments
sign in to comment!
No comments posted yet!